 Dungeon Sprint DCSS version 0.32-a0-422-g28b100f618 (webtiles) character file.

Game seed: 10613502116012468713

20776 adelrune the Warrior (level 12, -1/128 HPs)
             Began as a Minotaur Monk on Feb 21, 2024.
             Was the Champion of Yredelemnul.
             Killed from afar by an ice dragon (37 damage)
             ... with a blast of cold
             ... in the Dungeon (Sprint IX: "|||||||||||||||||||||||||||||").
             The game lasted 00:14:56 (4560 turns).

adelrune the Warrior (Minotaur Monk)                Turns: 4560, Time: 00:14:56

Health: -1/128     AC: 22    Str: 20    XL:     12   Next: 48%
Magic:  15/20      EV: 21    Int:  7    God:    Yredelemnul [******]
Gold:   1933       SH:  0    Dex: 17    Spells: 11/11 levels left

rFire   . . .        B - +3 great mace
rCold   . . .        (shield currently unavailable)
rNeg    . . .        H - +0 swamp dragon scales
rPois   +            (helmet restricted)
rElec   .            b - +1 cloak
rCorr   .            y - +0 pair of gloves
SInv    .            G - +1 pair of boots
Will    .....        (no amulet)
Stlth   +            q - +2 ring of protection
HPRegen 0.41/turn    p - +3 ring of dexterity
MPRegen 0.17/turn

%: no teleportation
@: wreathed by umbra
A: horns 2, retaliatory headbutt
a: Renounce Religion, Light the Black Torch, Recall Undead Harvest, Hurl
Torchlight, Bind Soul, Fathomless Shackles


You were in the Dungeon.
You worshipped Yredelemnul.
Yredelemnul was pleased with you.
You visited 1 branch You collected 1933 gold pieces.

Inventory:

Hand Weapons
 a - a +0 mace
 m - a +2 dire flail of protection
 B - a +3 great mace (weapon)
Armour
 b - a +1 cloak (worn)
 o - a +1 scale mail
 x - a +0 cloak
 y - a +0 pair of gloves (worn)
 A - a +0 chain mail
 G - a +1 pair of boots (worn)
 H - +0 swamp dragon scales (worn)
Jewellery
 p - a +3 ring of dexterity (right hand)
 q - a +2 ring of protection (left hand)
 C - a ring of see invisible
 D - a ring of protection from fire
 E - a ring of protection from cold
 F - a ring of protection from fire
Wands
 d - a wand of flame (19)
 l - a wand of iceblast (3)
Scrolls
 j - 4 scrolls of blinking
 k - 2 scrolls of amnesia
 t - 8 scrolls of enchant weapon
 u - 2 scrolls of fog
 v - a scroll of poison
 z - a scroll of identify
Potions
 c - a potion of ambrosia
 e - 8 potions of curing
 f - a potion of invisibility
 g - a potion of might
 h - 4 potions of magic
 i - 5 potions of heal wounds
 n - a potion of brilliance
 r - 2 potions of berserk rage
 w - a potion of cancellation


   Skills:
 + Level 18.7 Fighting
 + Level 17.0 Maces & Flails
 + Level 18.3 Armour
 + Level 17.2 Dodging
 * Level 13.3 Invocations


You had 11 spell levels left.
You didn't know any spells.
Your spell library was empty.

Dungeon Overview and Level Annotations

Branches:
Dungeon (1/1)

Altars:
Cheibriados
Dithmenos
Elyvilon
Fedhas
Gozag
Hepliaklqana
Kikubaaqudgha
Makhleb
Nemelex Xobeh
Okawaru
Qazlal
Ru
Sif Muna
Trog
Uskayaw
Vehumet
Wu Jian
Xom
Yredelemnul
Zin
The Shining One
Beogh
Jiyva
Lugonu

Shops:
D :([[


Innate Abilities, Weirdness & Mutations

You have a pair of horns on your head.
You reflexively headbutt those who attack you in melee.


Message History

You bludgeon the ice dragon!!
You headbutt the ice dragon, but do no damage.
The ice dragon is moderately wounded.
The ice dragon misses you. x2; The ice dragon barely misses you.
You hit the ice dragon.
The ice dragon is moderately wounded.
You completely miss the ice dragon.
The ice dragon is moderately wounded.
The ice dragon breathes frost at you. The blast of cold hits you!!!
* * * LOW HITPOINT WARNING * * *
The blast of cold hits your tengu warrior zombie.
Your tengu warrior zombie resists.
The blast of cold hits your orc warrior zombie.
Your orc warrior zombie resists.
The blast of cold hits your orc knight zombie!
Your orc knight zombie resists.
You bludgeon the ice dragon!! You headbutt the ice dragon.
The ice dragon is severely wounded.
The ice dragon bites you but does no damage.
The ice dragon barely misses you. The ice dragon completely misses you.
You bludgeon the ice dragon!!
You headbutt the ice dragon, but do no damage.
The ice dragon is almost dead.
The ice dragon bites you.
* * * LOW HITPOINT WARNING * * *
The ice dragon claws you but does no damage.
The ice dragon tramples you.
* * * LOW HITPOINT WARNING * * *
You hold your ground!
You completely miss the ice dragon. Your headbutt misses the ice dragon.
The ice dragon is almost dead.
The ice dragon bites you but does no damage.
The ice dragon closely misses you. x2
You barely miss the ice dragon. You headbutt the ice dragon!
The ice dragon is almost dead.
The ice dragon breathes frost at you. The blast of cold hits you!!!
You die...
Your body rises from the dead as a mindless zombie.

▓.......'Z....)[..÷...'....
▓▓▓▓▓▓▓▓▓▓▓▓▓▓▓▓▓▓▓▓▓▓▓▓▓▓▓
▓.).ZZ.Z............)......
▓.▓▓▓▓▓▓▓▓▓▓▓▓▓▓▓▓▓▓▓▓▓▓▓▓▓
▓....)).......)))))))))).))
▓▓▓▓▓▓▓▓▓▓▓▓▓▓▓▓▓▓▓▓▓▓▓▓▓▓▓
▓..)ZZZ...................)
▓.▓▓▓▓▓▓▓▓▓▓▓▓▓▓▓▓▓▓▓▓▓▓▓▓▓
▓....ZZZZZ@D....)))))))).[[
▓▓▓▓▓▓▓▓▓▓▓▓▓▓▓▓▓▓▓▓▓▓▓▓▓▓▓


You could see an ice dragon (soul-gripped, catching breath, ally target), a
friendly komodo dragon zombie, a friendly orc warrior zombie, 2 friendly orc
knight zombies and a friendly tengu warrior zombie.

Vanquished Creatures
  Josephine (D)
  A centaur warrior (D)
  A two-headed ogre (D)
  A tengu warrior (D)
  A death yak (D)
  A vampire mage (D)
  An orc high priest (D)
  A flayed ghost (D)
  9 orc knights (D)
  An orc sorcerer (D)
  Maurice (D)
  A cyclops (D)
  A manticore (D)
  A black mamba (D)
  An elephant (D)
  A gargoyle (D)
  3 cane toads (D)
  3 komodo dragons (D)
  2 kobold demonologists (D)
  An efreet (D)
  An unseen horror (D)
  A polar bear (D)
  A troll (D)
  A tyrant leech (D)
  A blink frog (D)
  2 wyverns (D)
  A yak (D)
  A vampire (D)
  A basilisk (D)
  Grum (D)
  6 wraiths (D)
  2 vampire mosquitoes (D)
  5 water moccasins (D)
  13 orc warriors (D)
  A laughing skull (D)
  An ogre (D)
  2 wolves (D)
  2 bullfrogs (D)
  A scorpion (D)
  A killer bee (D)
  A howler monkey (D)
  2 orc priests (D)
  An iguana (D)
  3 orc wizards (D)
  A hell rat (D)
  9 orcs (D)
  A ball python (D)
  An endoplasm (D)
  A hobgoblin (D)
  A kobold (D)
  A quokka (D)
  A rat (D)
101 creatures vanquished.

Vanquished Creatures (collateral kills)
  A lich (D)
  An orc knight (D)
  A blink frog (D)
  A vampire mosquito (D)
  2 bullfrogs (D)
6 creatures vanquished.

Vanquished Creatures (others)
  A spectral fire giant (D)
  A spectral orc (D)
  An unseen horror zombie (D)
  A black mamba zombie (D)
  A tyrant leech zombie (D)
  A human zombie (D)
  A cane toad zombie (D)
  An elephant zombie (D)
  A blink frog zombie (D)
  A komodo dragon zombie (D)
  2 wyvern zombies (D)
  4 water moccasin zombies (D)
  A polar bear zombie (D)
  A yak zombie (D)
  A troll zombie (D)
  2 wolf zombies (D)
  A basilisk zombie (D)
  2 kobold zombies (D)
  A killer bee zombie (D)
  A hell rat zombie (D)
  A gnoll zombie (D)
  14 orc zombies (D)
41 creatures vanquished.

Grand Total: 148 creatures vanquished

Notes
Turn   | Place    | Note
-------+----------+-------------------------------------------
     0 | D        | adelrune the Minotaur Monk began the quest for the Orb.
     0 | D        | Reached XP level 1. HP: 19/19 MP: 0/0
     5 | D        | Reached skill level 1 in Armour
    13 | D        | Reached XP level 2. HP: 15/28 MP: 1/1
    69 | D        | Noticed an ogre
    69 | D        | Noticed a howler monkey
    69 | D        | Noticed a scorpion
    73 | D        | Killed an ogre
    74 | D        | Reached skill level 5 in Armour
    74 | D        | Reached skill level 5 in Dodging
    74 | D        | Reached XP level 3. HP: 15/38 MP: 2/2
    74 | D        | Reached XP level 4. HP: 18/45 MP: 3/3
    92 | D        | Reached XP level 5. HP: 18/52 MP: 4/4
   102 | D        | Found a roughly hewn altar of Beogh.
   102 | D        | Found a snail-covered altar of Cheibriados.
   102 | D        | Found a shadowy altar of Dithmenos.
   102 | D        | Found a white marble altar of Elyvilon.
   102 | D        | Found a blossoming altar of Fedhas.
   102 | D        | Found an opulent altar of Gozag.
   103 | D        | Found a hazy altar of Hepliaklqana.
   104 | D        | Found a viscous altar of Jiyva.
   105 | D        | Found an ancient bone altar of Kikubaaqudgha.
   106 | D        | Found a corrupted altar of Lugonu.
   107 | D        | Found a burning altar of Makhleb.
   108 | D        | Found a sparkling altar of Nemelex Xobeh.
   109 | D        | Found an iron altar of Okawaru.
   110 | D        | Found a stormy altar of Qazlal.
   111 | D        | Found a sacrificial altar of Ru.
   112 | D        | Found a shimmering blue altar of Sif Muna.
   113 | D        | Found a bloodstained altar of Trog.
   114 | D        | Found a hide-covered altar of Uskayaw.
   115 | D        | Found a radiant altar of Vehumet.
   116 | D        | Found an ornate altar of the Wu Jian Council.
   117 | D        | Found a shimmering altar of Xom.
   118 | D        | Found a basalt altar of Yredelemnul.
   119 | D        | Found a glowing silver altar of Zin.
   120 | D        | Found a glowing golden altar of the Shining One.
   126 | D        | Became a worshipper of Yredelemnul the Fallen
   126 | D        | Reached * piety under Yredelemnul
   126 | D        | Reached ** piety under Yredelemnul
   251 | D        | Noticed a kobold demonologist
   251 | D        | Noticed an unseen horror
   251 | D        | Noticed a wyvern
   251 | D        | Noticed a two-headed ogre
   251 | D        | Noticed a wraith
   265 | D        | Killed a kobold demonologist
   266 | D        | Reached XP level 6. HP: 41/64 MP: 5/5
   288 | D        | Killed an unseen horror
   289 | D        | Reached skill level 10 in Fighting
   289 | D        | Reached skill level 10 in Maces & Flails
   289 | D        | Reached XP level 7. HP: 20/73 MP: 6/6
   296 | D        | Killed a two-headed ogre
   297 | D        | Reached skill level 10 in Dodging
   297 | D        | Reached XP level 8. HP: 25/82 MP: 7/7
   512 | D        | Noticed a kobold demonologist
   512 | D        | Noticed a troll
   512 | D        | Noticed a gargoyle
   524 | D        | Killed a kobold demonologist
   587 | D        | HP: 2/85 [vampire/vampiric draining (10)]
   591 | D        | Reached XP level 9. HP: 3/92 MP: 5/8
   598 | D        | Killed a troll
   658 | D        | Killed a gargoyle
  1008 | D        | Noticed an elephant
  1008 | D        | Noticed a polar bear
  1008 | D        | Noticed a komodo dragon
  1019 | D        | Killed an elephant
  1028 | D        | Noticed a komodo dragon
  1040 | D        | Reached *** piety under Yredelemnul
  1050 | D        | Killed a komodo dragon
  1071 | D        | Killed a polar bear
  1085 | D        | Killed a komodo dragon
  1086 | D        | Reached XP level 10. HP: 37/104 MP: 9/9
  1088 | D        | Reached **** piety under Yredelemnul
  1284 | D        | Noticed a death yak
  1284 | D        | Noticed a black mamba
  1304 | D        | Killed a death yak
  1307 | D        | Reached skill level 15 in Fighting
  1307 | D        | Reached skill level 15 in Maces & Flails
  1326 | D        | Killed a black mamba
  1326 | D        | Reached ***** piety under Yredelemnul
  1597 | D        | Reached skill level 15 in Armour
  1649 | D        | Reached skill level 1 in Invocations
  1754 | D        | Noticed a cane toad
  1772 | D        | Noticed a cane toad
  1774 | D        | Killed a cane toad
  1777 | D        | Noticed a cane toad
  1808 | D        | Killed a cane toad
  1819 | D        | Killed a cane toad
  1820 | D        | Reached skill level 5 in Invocations
  1823 | D        | Reached ****** piety under Yredelemnul
  2138 | D        | Noticed Urug
  2154 | D        | Killed Urug
  2154 | D        | Bound Urug
  2365 | D        | Noticed an orc high priest
  2375 | D        | Reached XP level 11. HP: 92/114 MP: 14/14
  2394 | D        | Killed an orc high priest
  2395 | D        | Reached skill level 15 in Dodging
  2472 | D        | Noticed an orc sorcerer
  2472 | D        | Noticed an orc knight
  2472 | D        | Noticed an orc knight
  2472 | D        | Noticed an orc knight
  2475 | D        | Paralysed by an orc sorcerer for 2 turns
  2478 | D        | Killed an orc sorcerer
  2493 | D        | Your ally Urug died
  2501 | D        | Killed an orc knight
  2769 | D        | Killed an orc knight
  2790 | D        | Killed an orc knight
  3007 | D        | Noticed an orc knight
  3015 | D        | Killed an orc knight
  3072 | D        | Found Gisuzxol's Book Emporium.
  3072 | D        | Noticed an orc knight
  3090 | D        | Killed an orc knight
  3091 | D        | Found Denaywko's Antique Weapon Shoppe.
  3096 | D        | Noticed an orc knight
  3103 | D        | Found Jeddu's Armour Emporium.
  3105 | D        | Noticed an orc knight
  3443 | D        | Killed an orc knight
  3588 | D        | Reached skill level 10 in Invocations
  3592 | D        | Killed an orc knight
  3597 | D        | Noticed an orc knight
  3611 | D        | Killed an orc knight
  3619 | D        | Noticed an orc knight
  3627 | D        | Killed an orc knight
  3665 | D        | Found Lunas's Armour Shoppe.
  3781 | D        | Noticed Josephine
  3802 | D        | Killed Josephine
  3814 | D        | Reached XP level 12. HP: 115/127 MP: 19/19
  3815 | D        | Noticed Grum
  3822 | D        | Killed Grum
  3880 | D        | Noticed Maurice
  3887 | D        | Maurice stole a +2 dire flail of protection
  3891 | D        | Maurice stole 299 gold
  3892 | D        | Killed Maurice
  4059 | D        | Noticed a centaur warrior
  4059 | D        | Noticed a tengu warrior
  4066 | D        | Killed a centaur warrior
  4085 | D        | Noticed a fire giant
  4088 | D        | Noticed a lich
  4092 | D        | Noticed a vampire mage
  4093 | D        | Your ally Grum died
  4095 | D        | Killed a fire giant
  4095 | D        | Bound a fire giant
  4098 | D        | Your ally Josephine died
  4098 | D        | Killed a lich
  4449 | D        | Killed a tengu warrior
  4487 | D        | Killed a vampire mage
  4550 | D        | Noticed an ice dragon
  4560 | D        | Killed from afar by an ice dragon

Illustrated notes

Levels and vault maps discovered:
D:        linesprint [early_d, line_temple, items_1, d_10, items_2, lair_1,
          lair_end, items_3, orc_1, orc_end, items_4, d_15, swamp_1, shoals_1,
          snake_1, spider_1, d_20, vaults_1, items_5, swamp_end, shoals_end,
          snake_end, spider_end, vaults_end, d_27, items_6, zot_1, zot_end,
          crypt_end, forest_end, elf_end, slime_end, tomb_end, abyss_end,
          pan_hell_end]

Skill      XL: |  1  2  3  4  5  6  7  8  9 10 11 12 |
---------------+-------------------------------------+-----
Armour         | 2 5 6 8 9 11 12 14 15 17 18 | 18.3
Fighting       | 4 6 7 9 10 11 12 14 16 17 18 | 18.7
Maces & Flails | 4 6 7 9 10 11 12 14 15 16 17 | 17.0
Dodging        | 4 5 6 8 9 10 11 13 14 16 17 | 17.2
Invocations    | 5 11 13 | 13.3

Action                     |  1- 3 |  4- 6 |  7- 9 | 10-12 || total
---------------------------+-------+-------+-------+-------++-------
  Melee: Mace              |    12 |    49 |   134 |   185 ||   380
         Headbutt          |     3 |     8 |    29 |   105 ||   145
         Great mace        |       |       |       |   189 ||   189
 Invoke: Hurl Torchlight   |       |       |     1 |     3 ||     4
         Light the Black T |       |       |     1 |       ||     1
         Bind Soul         |       |       |       |     3 ||     3
  Evoke: Wand              |       |       |     6 |     1 ||     7
    Use: Potion            |       |     2 |     2 |       ||     4
         Scroll            |       |       |       |     2 ||     2
 Armour: Robe              |     3 |    12 |       |       ||    15
         Scale mail        |       |    34 |    81 |    45 ||   160
         Chain mail        |       |       |       |    84 ||    84
         Swamp dragon scal |       |       |       |    60 ||    60
  Dodge: Dodged            |     4 |    15 |    67 |   233 ||   319

Table legend: (Time is in decaauts)
 A = Elapsed time spent in this place.
 B = Non-inter-level travel time spent in this place.
 C = Inter-level travel time spent in this place.
 D = Time resting spent in this place.
 E = Time spent auto-exploring this place.
 F = Levels seen in this place.
 G = Mean time per level.
                   A        B        C        D        E       F      G
               +--------+--------+--------+--------+--------+-----+--------+
         Total |   4447 |   4155 |    292 |   1926 |    605 |   1 | 4447.0 |
       Dungeon |   4447 |   4155 |    292 |   1926 |    605 |   1 | 4447.0 |
               +--------+--------+--------+--------+--------+-----+--------+

Top non-repeatable levels by time:
       D: 4447 daAuts
